Map: Dreamcatcher LE

Players

SpeCial - Winner!

  • Race: Terran Terran
  • Spawn Location: 11:00

Elazer

  • Race: Zerg Zerg
  • Spawn Location: 5:00

Event: WCS Austin 2018

VOD

Have the link to the VOD?

Description

Time

  • Played on: June 3, 2018, 3:22 p.m.
  • Length: 16:39

All games in this series

Show
View Real Time Build Order
Export as new Build Order

SpeCial Terran - Winner!

Build Orders: Hellion Opening, Reaper Expand, MMM Bio 

Get SALT Encoding   

  12  0:00  SCV  
  13  0:12  SCV  
  14  0:17  Supply Depot  
  14  0:24  SCV  
  15  0:38  SCV  
  15  0:40  Barracks  
  16  0:44  Refinery  
  16  0:50  SCV  
  17  1:03  SCV  
  18  1:15  SCV  
  19  1:28  Orbital Command, Reaper  
  20  1:39  Command Center  
  21  1:54  SCV  
  21  1:55  Supply Depot  
  21  1:59  Marine  
  22  2:05  Factory  
  22  2:07  SCV  
  23  2:12  Refinery  
  23  2:19  SCV  
  23  2:22  Barracks Reactor  
  24  2:32  SCV  
  25  2:44  SCV  
  26  2:52  Starport  
  26  2:53  Orbital Command  
  26  2:56  SCV  
  27  3:05  Hellion  
  29  3:06  Hellion  
  29  3:08  SCV  
  29  3:12  Barracks Tech Lab  
  32  3:17  Supply Depot  
  32  3:19  SCV  
  33  3:20  SCV  
  33  3:26  Hellion  
  36  3:27  Hellion  
  36  3:31  SCV  
  36  3:32  SCV  
  40  3:36  Raven  
  40  3:41  Supply Depot  
  42  3:43  SCV  
  42  3:44  SCV  
  44  3:49  Hellion  
  44  3:50  Hellion  
  48  3:56  SCV x2  
  48  3:59  Barracks Tech Lab  
  50  4:04  Supply Depot  
  50  4:08  SCV  
  51  4:11  Hellion x2, SCV  
  56  4:19  Raven  
  56  4:20  SCV  
  56  4:23  SCV  
  60  4:27  Marine, Supply Depot  
  60  4:28  Supply Depot  
  61  4:33  SCV  
  61  4:35  SCV  
  61  4:36  Stimpack  
  63  4:45  SCV  
  64  4:47  SCV  
  64  4:51  Marine  
  66  4:55  Command Center  
  66  4:57  SCV  
  66  4:58  Factory Reactor  
  66  4:59  SCV  
  68  5:01  Barracks  
  68  5:03  Barracks  
  68  5:09  Marine, SCV  
  68  5:11  SCV  
  68  5:21  SCV  
  68  5:23  SCV  
  68  5:25  Engineering Bay  
  68  5:26  Marine  
  68  5:27  Starport Reactor  
  68  5:33  SCV  
  58  5:36  SCV  
  58  5:37  Refinery, Supply Depot  
  58  5:38  Refinery  
  59  5:44  Marine  
  59  5:45  SCV  
  59  5:48  Engineering Bay, SCV, Siege Tank  
  59  5:49  Marine x2  
  67  5:52  Barracks  
  67  5:53  Barracks  
  67  5:57  Terran Infantry Weapons Level 1, SCV  
  67  6:00  SCV  
  69  6:06  Marine x2  
  69  6:07  Marine  
  69  6:08  Marine x2  
  69  6:09  Orbital Command  
  74  6:14  Medivac x2  
  78  6:19  Terran Infantry Armor Level 1  
  78  6:22  SCV x2  
  78  6:23  Marine, Supply Depot  
  78  6:24  Marine x2  
  83  6:26  Marine x2  
  83  6:27  Orbital Command  
  83  6:32  Siege Tank  
  88  6:35  SCV  
  88  6:37  SCV  
  90  6:41  Marine  
  90  6:42  Marine x2  
  90  6:43  Barracks Reactor, Marine  
  90  6:44  Marine x2, Combat Shields  
  96  6:47  SCV  
  96  6:49  SCV  
  99  6:54  SCV  
  99  6:59  Marine, SCV  
  99  7:00  Marine x2  
  103  7:01  SCV  
  103  7:03  Marine  
  103  7:04  Supply Depot, Marine, Siege Tank  
  103  7:05  Barracks Reactor  
  103  7:06  SCV  
  110  7:12  Refinery, SCV  
  110  7:13  Refinery, SCV  
  112  7:17  Armory, Marine  
  112  7:18  Marine  
  112  7:21  SCV  
  112  7:22  Supply Depot  
  115  7:23  Marine x2  
  115  7:25  Marine  
  115  7:26  SCV  
  115  7:28  Supply Depot  
  118  7:31  Marine  
  118  7:32  Marine  
  118  7:35  Medivac x2  
  124  7:38  SCV  
  124  7:44  SCV x2  
  127  7:45  Marine x2, Supply Depot  
  127  7:46  Marine x4  
  127  7:47  Supply Depot  
  127  7:49  Marine x3  
  127  7:50  Supply Depot  
  134  8:03  Marine x3  
  134  8:04  Marine x3  
  140  8:07  Marine x3  
  143  8:16  Terran Infantry Weapons Level 2, Terran Infantry Armor Level 2  
  143  8:17  Terran Vehicle Weapons Level 1  
  143  8:21  Marine x5  
  143  8:22  Marine  
  143  8:23  Factory  
  143  8:25  Marine  
  148  8:29  Marine  
  148  8:30  Marine  
  149  8:38  Siege Tank  
  149  8:39  Marine x6  
  158  8:42  Marine  
  158  8:47  Marine  
  160  8:48  Marine  
  160  8:51  Command Center  
  160  8:54  Supply Depot  
  161  8:57  Marine x4  
  161  9:00  Marine  
  161  9:01  Marine  
  148  9:10  Marine x2  
  148  9:11  Marine  
  148  9:14  Marine  
  148  9:15  Marine  
  153  9:20  Siege Tank  
  153  9:21  Marine x4  
  160  9:25  Factory Tech Lab  
  160  9:27  Barracks, Marine  
  160  9:28  Barracks, Marine  
  160  9:29  Marine  
  160  9:31  Barracks  
  159  9:32  Medivac x2, Marine x2, Sensor Tower  
  165  9:39  Marine x2  
  165  9:40  Marine  
  165  9:41  Marine  
  165  9:45  Marine  
  164  9:46  Marine  
  164  9:47  Marine  
  164  9:48  Siege Tank  
  164  9:49  Liberator  
  164  9:50  Marine x2  
  171  9:56  Marine x2  
  171  9:58  Marine x2  
  169  10:03  Marine  
  169  10:04  Marine  
  169  10:05  Marine  
  171  10:08  Marine x2  
  172  10:14  Marine x2  
  172  10:16  Marine x2  
  172  10:21  Marine  
  176  10:22  Marine  
  176  10:23  Marine  
  176  10:25  Barracks Tech Lab  
  176  10:26  Marine x2, Barracks Tech Lab x2  
  181  10:30  Sensor Tower  
  181  10:32  Marine x2  
  181  10:34  Marine x2  
  185  10:36  Planetary Fortress  
  185  10:37  SCV x2  
  185  10:38  SCV  
  185  10:41  Marine x2  
  185  10:42  Terran Infantry Weapons Level 3  
  188  10:44  Barracks Tech Lab  
  188  10:47  Terran Infantry Armor Level 3  
  188  10:55  Marine x3  
  187  10:57  Marauder  
  187  10:58  Marauder  
  187  11:03  Marine  
  187  11:04  Marauder  
  155  11:08  Marine x3  
  155  11:09  Marauder, Marine  
  138  11:14  Marine x3  
  138  11:17  SCV x3  
  132  11:19  Marauder x2  
  132  11:21  Medivac x2, Marine  
  132  11:25  Marauder  
  143  11:26  Marine x3  
  143  11:28  Siege Tank  
  143  11:29  SCV  
  150  11:37  Marine, Siege Tank  
  154  11:46  Terran Vehicle Weapons Level 2  
  152  11:49  Marauder, Marine x4  
  152  11:50  Marine  
  152  11:51  Marauder, Marine x2  
  163  11:58  Medivac x2  
  163  12:00  Sensor Tower  
  150  12:08  Marine  
  150  12:09  Marauder, Marine  
  150  12:10  Marine x3  
  150  12:11  Marauder, Siege Tank  
  150  12:12  Marauder, Marine x2  
  161  12:17  Marine  
  161  12:18  Marauder  
  161  12:24  Siege Tank  
  161  12:26  Marine x2  
  161  12:28  Medivac x2, Marine x3  
  173  12:30  Marauder, Marine x2  
  173  12:32  Marauder  
  173  12:34  Marauder  
  173  12:35  Marine  
  182  12:39  Marauder  
  184  12:44  Marine x2  
  184  12:45  Concussive Shells  
  184  12:46  Marine x2  
  188  12:52  Marine  
  188  12:54  Marine  
  188  12:55  Marauder, Marine x2  
  188  12:56  Marauder  
  188  12:57  Marauder  
  181  13:00  Marauder  
  181  13:02  Marine  
  181  13:03  Marine  
  178  13:07  Marine x2  
  178  13:10  Marine  
  178  13:11  Medivac x2  
  178  13:12  Marine x2, Siege Tank  
  187  13:13  Marine  
  187  13:17  Marauder  
  187  13:18  Marine  
  188  13:22  Supply Depot  
  188  13:23  Supply Depot  
  188  13:28  Marine  
  188  13:29  Command Center, Marine  
  188  13:31  Marauder  
  180  13:35  Marauder  
  180  13:36  Marauder, Marine x4  
  188  13:43  Marauder, Marine x2  
  188  13:44  Siege Tank x2  
  198  13:56  Ghost Academy  
  198  13:59  Starport, Marauder, Marine, Fusion Core  
  198  14:02  Marine  
  197  14:03  Marauder  
  197  14:07  Liberator x2  
  193  14:20  Marine x2  
  193  14:21  Marine  
  193  14:23  Marauder, Marine x5  
  200  14:37  Marauder, Marine  
  191  14:42  Marine x4  
  191  14:43  Marine  
  186  14:49  Marine x5  
  183  14:54  Marine  
  183  14:58  Marine  
  183  14:59  Marine  
  179  15:00  Marine  
  179  15:01  Marine x3  
  179  15:02  Siege Tank  
  179  15:06  Marine  
  179  15:07  Marauder, Marine x2  
  173  15:08  Marauder  
  173  15:12  Marine  
  167  15:15  Starport Tech Lab  
  154  15:22  Marauder, Marine  
  154  15:24  Marine  
  154  15:26  Liberator x2  
  154  15:28  Marine  
  158  15:29  Marauder x2, Marine  
  163  15:45  Marauder, Marine x2  
  163  15:47  Siege Tank  
  163  15:48  Siege Tank  
  179  15:53  Marauder, Marine  
  179  15:55  Marine  
  183  15:57  Medivac  
  171  16:16  Marauder, Marine  
  171  16:18  Marine x2  
Show
View Real Time Build Order
Export as new Build Order

Elazer Zerg 

Build Orders: Hatch First 

Get SALT Encoding   

  12  0:00  Drone  
  13  0:12  Overlord  
  13  0:16  Drone  
  14  0:30  Drone x2  
  16  0:47  Hatchery  
  15  0:50  Drone  
  15  0:54  Drone  
  17  0:57  Drone  
  18  1:08  Extractor  
  17  1:12  Spawning Pool  
  17  1:15  Drone  
  17  1:19  Drone  
  18  1:27  Drone  
  19  1:38  Drone  
  20  1:49  Drone  
  21  1:59  Queen x2  
  21  2:00  Zergling x4  
  27  2:13  Hatchery  
  26  2:17  Overlord  
  26  2:21  Drone  
  27  2:23  Drone  
  27  2:37  Queen  
  27  2:38  Metabolic Boost  
  27  2:42  Drone  
  30  2:47  Drone  
  30  2:48  Drone  
  30  2:50  Overlord  
  32  2:57  Drone  
  32  2:58  Drone x2  
  35  3:09  Drone x4  
  35  3:10  Drone  
  40  3:14  Queen  
  40  3:18  Drone  
  43  3:24  Queen  
  45  3:27  Overlord  
  45  3:30  Drone  
  45  3:31  Drone  
  45  3:33  Drone  
  48  3:40  Zergling x2  
  49  3:46  Zergling x6  
  52  3:49  Zergling x2  
  52  3:51  Queen  
  52  3:53  Overlord  
  55  3:58  Drone x2  
  57  4:10  Overlord  
  57  4:14  Drone x8  
  65  4:17  Overlord  
  65  4:21  Overlord, Roach Warren  
  64  4:29  Lair  
  64  4:31  Spore Crawler  
  63  4:32  Spore Crawler  
  63  4:36  Drone x2  
  63  4:37  Drone x2  
  65  4:40  Spore Crawler  
  65  4:41  Drone  
  65  4:42  Drone  
  65  4:43  Drone  
  67  4:45  Drone  
  67  4:49  Drone  
  67  4:50  Drone  
  70  4:53  Overlord  
  70  4:54  Drone  
  70  4:56  Drone  
  70  4:58  Drone  
  73  5:01  Evolution Chamber  
  73  5:03  Evolution Chamber  
  71  5:07  Zergling x4  
  71  5:08  Zergling x4  
  71  5:12  Zergling x2  
  71  5:13  Queen, Zergling x4  
  78  5:14  Roach x2  
  78  5:16  Roach  
  76  5:21  Overlord  
  76  5:23  Drone x3  
  73  5:28  Drone x3  
  73  5:35  Drone  
  73  5:36  Drone x3  
  73  5:39  Drone x2  
  73  5:41  Zerg Ground Armor Level 1  
  78  5:44  Zerg Melee Weapons Level 1  
  78  5:46  Drone  
  78  5:48  Extractor  
  78  5:49  Drone x2, Extractor  
  79  6:01  Overlord  
  78  6:09  Drone  
  78  6:11  Baneling Nest, Overlord, Extractor  
  76  6:14  Drone x4  
  76  6:15  Drone  
  76  6:17  Drone  
  82  6:21  Overlord, Drone  
  82  6:22  Drone x2  
  82  6:24  Drone x2  
  87  6:26  Drone  
  88  6:34  Zergling x2  
  88  6:35  Zergling x4  
  88  6:37  Extractor  
  88  6:38  Drone  
  88  6:39  Zergling x6  
  94  6:42  Ravager x3  
  94  6:44  Hatchery  
  96  6:53  Zergling x10  
  99  6:55  Overlord  
  99  6:56  Zergling x4  
  100  7:02  Overlord  
  100  7:03  Centrifical Hooks  
  100  7:05  Baneling x5  
  100  7:08  Hatchery, Zergling x4  
  102  7:11  Zergling x2  
  102  7:12  Zergling x4  
  104  7:17  Zergling x2  
  104  7:18  Zergling x10  
  104  7:22  Baneling x4  
  110  7:23  Zergling x6  
  112  7:31  Zergling x6  
  114  7:37  Zerg Ground Armor Level 2  
  114  7:38  Zerg Missile Weapons Level 1  
  114  7:42  Overlord  
  114  7:43  Zergling x8  
  118  7:50  Hydralisk Den  
  117  7:54  Drone x3  
  120  7:59  Drone x6  
  120  8:03  Drone x4  
  120  8:04  Burrow  
  129  8:13  Zergling x8  
  129  8:18  Zergling x4  
  129  8:19  Baneling  
  135  8:20  Baneling x4  
  135  8:23  Grooved Spines  
  135  8:24  Hydralisk x5  
  137  8:29  Hydralisk  
  137  8:32  Zergling x16  
  146  8:35  Baneling  
  146  8:41  Zergling x12  
  152  8:43  Baneling x6  
  152  8:44  Baneling  
  152  8:50  Zergling x8  
  152  8:55  Baneling x5  
  155  8:56  Zergling x4  
  154  9:07  Zergling x20  
  146  9:15  Extractor x2  
  146  9:16  Infestation Pit  
  146  9:17  Zergling x12  
  144  9:21  Zergling x2  
  144  9:22  Zergling x10  
  155  9:28  Drone x3  
  155  9:30  Overlord x2  
  158  9:34  Zerg Melee Weapons Level 2  
  158  9:35  Overlord  
  158  9:38  Overlord  
  158  9:39  Hatchery  
  158  9:40  Overlord  
  158  9:42  Overlord  
  140  9:55  Hydralisk  
  140  9:56  Hydralisk x8  
  148  10:05  Spawning Pool, Drone x3  
  148  10:13  Drone x5  
  150  10:21  Drone x4  
  150  10:22  Drone x2  
  150  10:28  Muscular Augments, Hydralisk x3  
  162  10:42  Overlord  
  162  10:47  Hydralisk x2  
  166  10:53  Zergling x32  
  174  11:00  Zergling x10  
  161  11:08  Hydralisk x3  
  163  11:12  Spawning Pool  
  160  11:23  Zergling x26  
  172  11:25  Hive  
  172  11:27  Drone  
  172  11:32  Drone  
  174  11:33  Zergling x6  
  174  11:39  Overlord  
  177  11:45  Zergling x16  
  177  11:46  Zergling x2  
  186  11:48  Zerg Missile Weapons Level 2  
  186  11:49  Infestor  
  186  11:51  Infestor  
  190  11:54  Baneling x5  
  190  11:55  Hatchery  
  190  11:57  Overlord  
  182  12:07  Zergling x22  
  173  12:12  Drone x5  
  169  12:16  Baneling  
  169  12:17  Baneling x7  
  169  12:23  Overlord  
  169  12:24  Drone x3  
  169  12:25  Baneling, Zergling x6  
  174  12:43  Drone x4  
  173  12:46  Zergling x6  
  173  12:47  Zergling x22  
  185  12:55  Zergling x2  
  185  12:56  Zergling x24  
  174  13:07  Drone x6  
  178  13:13  Zerg Ground Armor Level 3  
  175  13:20  Hatchery  
  175  13:21  Overlord  
  175  13:24  Viper x3  
  183  13:28  Ultralisk Cavern  
  166  13:39  Baneling x4, Zergling x16  
  166  13:40  Zergling x8  
  178  13:43  Overlord  
  178  13:52  Baneling x5  
  178  13:53  Adrenal Glands  
  178  13:57  Overlord  
  178  14:01  Overlord  
  176  14:05  Zergling x26  
  180  14:20  Ultralisk  
  180  14:21  Ultralisk  
  180  14:23  Chitinous Plating  
  184  14:28  Zergling x2  
  184  14:29  Zergling x16  
  185  14:40  Zergling x22  
  173  14:48  Zergling x12  
  156  15:00  Ultralisk x2  
  156  15:05  Zergling x6  
  156  15:06  Zergling x6  
  150  15:10  Zergling x4  
  134  15:24  Hatchery  
  134  15:25  Infestor  
  134  15:26  Viper x2  
  132  15:28  Zergling x2  
  132  15:29  Zergling x8  
  137  15:38  Drone  
  138  15:44  Hydralisk x5  
  150  15:53  Baneling  
  150  15:54  Baneling x5  
  150  15:55  Zergling x8  
  151  16:10  Zergling x24  
  136  16:13  Zergling x6  
  136  16:16  Zergling x4  
Tags
 
Add a new tag
Caveats
  • Supply blocks, unpowered buildings, or Contaminate may cause inaccurate times.
  • Supply counts are checked every 10 seconds.